 Dungeon Crawl Stone Soup version 0.23.2-33-g5129a83 (webtiles) character file.

Game seed: 18442109274141654945

142 technought the Skirmisher (level 5, 0/47 HPs)
             Began as a Hill Orc Fighter on Aug 7, 2019.
             Killed from afar by Sigmund (6 damage)
             ... with a puff of flame
             ... on level 2 of the Dungeon.
             The game lasted 00:03:01 (1014 turns).

technought the Skirmisher (Hill Orc Fighter)        Turns: 1014, Time: 00:03:02

Health: 0/47       AC: 13    Str: 20    XL:     5   Next: 24%
Magic:  5/5        EV:  7    Int:  8    God:
Gold:   115        SH:  9    Dex: 12    Spells: 4/4 levels left

rFire    . . .     SeeInvis .   a - +2 long sword
rCold    . . .     Gourm    .   c - +0 shield
rNeg     . . .     Faith    .   b - +1 scale mail
rPois    .         Spirit   .   d - +0 helmet
rElec    .         Reflect  .   j - +0 cloak (curse)
rCorr    .         Harm     .   m - +2 pair of gloves
MR       +....                  (no boots)
Stlth    ..........             (no amulet)
HPRegen  0.15/turn              e - +2 ring of dexterity
MPRegen  0.09/turn              h - ring of protection from magic

@: no status effects
A: no striking features
a: no special abilities


You were on level 2 of the Dungeon.
You were hungry.

You visited 1 branch of the dungeon, and saw 2 of its levels.

You collected 115 gold pieces.

Inventory:

Hand Weapons
 a - a +2 long sword (weapon)
Armour
 b - a +1 scale mail (worn)
 c - a +0 shield (worn)
 d - a +0 helmet (worn)
 j - a cursed +0 cloak (worn)
 m - a +2 pair of gloves (worn)
Jewellery
 e - a +2 ring of dexterity (left hand)
 h - a ring of protection from magic (right hand)
Wands
 g - a wand of digging (3)
Scrolls
 k - 3 scrolls of amnesia
Potions
 i - a potion of curing
Comestibles
 f - 4 rations


   Skills:
 + Level 4.3 Fighting
 + Level 3.9 Long Blades
 + Level 4.0 Armour
 + Level 0.5 Dodging
 + Level 4.1 Shields


You had 4 spell levels left.
You didn't know any spells.
Your spell library was empty.

Dungeon Overview and Level Annotations

Branches:
Dungeon (2/15)

Altars:

Annotations:
D:2 Sigmund


Message History

Deactivating autopickup; reactivate with Ctrl-A.
You are confused.
The frilled lizard bites you but does no damage.
The frilled lizard bites you but does no damage.
You feel less confused.
A magic dart appears from out of thin air!
The magic dart hits you. You block the frilled lizard's attack.
Something hits you! Something freezes you. You block something's attack.
You open the door. The frilled lizard barely misses you.
You riposte.
You miss the frilled lizard. Something hits you!
* * * LOW HITPOINT WARNING * * *
Something freezes you.
* * * LOW HITPOINT WARNING * * *
There is an open door here.
The frilled lizard bites you but does no damage.
You hear some strange, mumbled words.
A puff of flame appears from out of thin air!
The puff of flame hits you.
You die...

######..# #..# ###
..# #.# #.# .# #.#
.#.# ##'####.###
....# # .......@..#
....# #
........#l##....# #
................# #
................+ # #
................# #..
#
##'##.......#........
# ...
####....####.....>##
..
####....####......##
#.................##


You could see a frilled lizard.

Vanquished Creatures
  Natasha (twice) (D:2)
  Robin (D:2)
  2 adders (D:2)
  A dart slug (D:1)
  A giant cockroach (D:1)
  16 goblins
  12 hobgoblins
  A ball python (D:2)
  8 bats
  4 frilled lizards
  6 kobolds
  5 rats
59 creatures vanquished.

Notes
Turn   | Place    | Note
-------+----------+-------------------------------------------
     0 | D:1      | technought the Hill Orc Fighter began the quest for the
                  | Orb.
     0 | D:1      | Reached XP level 1. HP: 19/19 MP: 1/1
    86 | D:1      | Reached XP level 2. HP: 27/27 MP: 2/2
   572 | D:2      | Reached XP level 3. HP: 33/33 MP: 3/3
   717 | D:2      | Noticed Natasha
   724 | D:2      | Killed Natasha
   791 | D:2      | Noticed Natasha
   803 | D:2      | Killed Natasha
   803 | D:2      | Reached XP level 4. HP: 26/40 MP: 4/4
   847 | D:2      | Noticed Robin
   885 | D:2      | Killed Robin
   885 | D:2      | Reached XP level 5. HP: 22/46 MP: 5/5
   990 | D:2      | Noticed Sigmund
  1014 | D:2      | Killed from afar by Sigmund

Skill      XL: |  1  2  3  4 |
---------------+-------------+-----
Fighting       | 4 |  4.3
Long Blades    | 3 |  3.9
Shields        | 4 |  4.1
Armour         | 4 |  4.0
Dodging        | |  0.5

Action                   |  1- 3 |  4- 6 || total
-------------------------+-------+-------++-------
Melee: Long sword        |    71 |    63 ||   134
  Use: Scroll            |     6 |     1 ||     7
       Potion            |     2 |     3 ||     5
Armor: Scale mail        |    37 |    50 ||    87
Dodge: Dodged            |    18 |    35 ||    53
Block: Shield            |    48 |    57 ||   105
       Rpst.: Long sword |     5 |     9 ||    14
